 Dungeon Crawl Stone Soup version 0.30-a0-585-g93115170b9 (webtiles) character file.

Game seed: 14151652451612947016

10233 sammy202020 the Cleaver (level 11, -5/151 HPs)
             Began as a Minotaur Berserker on Jan 3, 2023.
             Was an Elder of Trog.
             Slain by a two-headed ogre
             ... wielding a +0 giant club
              (26 damage)
             ... on level 10 of the Dungeon.
             The game lasted 00:12:41 (10340 turns).

sammy202020 the Cleaver (Minotaur Berserker)       Turns: 10340, Time: 00:12:42

Health: -5/151     AC: 22    Str: 23    XL:     11   Next: 33%
Magic:  10/10      EV: 10    Int:  4    God:    Trog [****..]
Gold:   442        SH: 10    Dex: 11    Spells: 10/10 levels left

rFire   + . .      SeeInvis .    r - +1 war axe
rCold   . . .      Faith    .    t - +0 kite shield
rNeg    . . .      Spirit   .    l - +2 chain mail {rF+}
rPois   .          Reflect  .    (helmet restricted)
rElec   .          Harm     .    (no cloak)
rCorr   .          Rampage  .    y - +2 pair of gloves
Will    .....                    v - +0 pair of boots Stlth
                                 (no amulet)
HPRegen 0.45/turn                u - +4 ring of protection
MPRegen 0.12/turn                (no ring)

@: berserking, very quick
A: horns 2, retaliatory headbutt, dopey 1, mutation resistance 1
a: Renounce Religion, Berserk, Trog's Hand, Brothers in Arms


You were on level 10 of the Dungeon.
You worshipped Trog.
Trog was greatly pleased with you.
You visited 1 branch of the dungeon, and saw 11 of its levels.

You collected 581 gold pieces.
You spent 139 gold pieces at shops.

Inventory:

Hand Weapons
 a - a +0 hand axe
 k - a +0 flail
 r - a +1 war axe (weapon)
 B - a +2 scimitar of flaming
 G - a +2 flail of holy wrath
Missiles
 j - 4 javelins (quivered)
 s - 2 throwing nets
 w - 6 silver javelins
 x - 3 boomerangs
Armour
 l - a +2 chain mail of fire resistance (worn)
 t - a +0 kite shield (worn)
 v - a +0 pair of boots (worn)
 y - a +2 pair of gloves (worn)
Jewellery
 u - a +4 ring of protection (left hand)
 D - a +6 ring of intelligence
 H - the ring of Lust {rElec rC- Will+ Str+2 Int+6}
   (You found it on level 11 of the Dungeon)

   [ring of intelligence]

   Str:       It affects your strength (+2).
   Int:       It affects your intelligence (+6).
   rC:        It makes you vulnerable to cold.
   rElec:     It insulates you from electricity.
   Will:      It increases your willpower.
Wands
 p - a wand of mindburst (28)
 A - a wand of acid (4)
 F - a wand of roots (10)
Scrolls
 b - a scroll of magic mapping
 c - a scroll of enchant weapon
 d - a scroll of teleportation
 h - a scroll of identify
 z - 2 scrolls of fog
 C - 3 scrolls of blinking
Potions
 e - 4 potions of heal wounds
 f - a potion of attraction
 g - 3 potions of might
 i - 3 potions of cancellation
 m - 10 potions of curing
 n - 2 potions of resistance
 o - 5 potions of lignification
 q - 2 potions of invisibility {unknown}
 E - 2 potions of degeneration {unknown}
 I - a potion of berserk rage {unknown}


   Skills:
 + Level 10.7 Fighting
 + Level 10.7 Axes
 + Level 10.3 Armour
 + Level 9.5 Dodging
 + Level 7.6 Shields


You had 10 spell levels left.
You didn't know any spells.
Your spell library was empty.

Dungeon Overview and Level Annotations

Branches:
Dungeon (11/15)            Temple (0/1) D:5            Lair (0/5) D:11
    Orc (0/2) D:11

Altars:
Ashenzari
Cheibriados
Dithmenos
Elyvilon
Fedhas
Vehumet
Wu Jian
Xom
Zin
The Shining One

Shops:
D:6 [   D:10 ?


Innate Abilities, Weirdness & Mutations

You have a pair of horns on your head.
You reflexively headbutt those who attack you in melee.
You are dopey. (Int -2)
You are somewhat resistant to further mutation.


Message History

The white ugly thing is heavily wounded.
You slash the two-headed ogre! You block the two-headed ogre's attack.
The two-headed ogre hits you with a +0 giant club!
The white ugly thing tentacle-slaps you!
The white ugly thing freezes you!
* * * LOW HITPOINT WARNING * * *
You are too injured to fight recklessly!
You are too injured to fight recklessly!
You are too injured to fight recklessly!
You are too injured to fight recklessly!
You are too injured to fight recklessly!
You are too injured to fight recklessly!
You are too injured to fight recklessly!
You are too injured to fight recklessly!
You are too injured to fight recklessly!
You are too injured to fight recklessly!
You are too injured to fight recklessly!
You are too injured to fight recklessly!
You are too injured to fight recklessly!
You are too injured to fight recklessly!
You are too injured to fight recklessly!
You are too injured to fight recklessly!
You are too injured to fight recklessly!
Unknown command.
A red film seems to cover your vision as you go berserk!
You feel yourself moving faster!
You feel mighty!
The white ugly thing closely misses you.
You closely miss the white ugly thing.
The white ugly thing is moderately wounded.
You slash the two-headed ogre!
The two-headed ogre hits you with a +0 giant club!
* * * LOW HITPOINT WARNING * * *
The two-headed ogre hits you with a +0 giant club.
* * * LOW HITPOINT WARNING * * *
You slice the white ugly thing!! You headbutt the white ugly thing!
The white ugly thing is almost dead.
You hit the two-headed ogre.
You block the white ugly thing's attack.
The two-headed ogre hits you with a +0 giant club!!
You die...

........# #.#
..............<..# ###.#
................)###....
................:.......
.................#######
...?.............# #
#................# #
................## ##
......u@.......## #####.
......O....###..# #.....
.......#.#..###.###.....
.........#..............
####.#####..............
#.. #.............# #.
#.........#....# ./
..........#....#
..........######


You could see a white ugly thing and a two-headed ogre.

Vanquished Creatures
  Snorg (D:11)
  Erica (D:8)
  2 two-headed ogres
  2 manticores (D:11)
  A cyclops (D:11)
  An unseen horror (D:10)
  3 trolls
  A hornet (D:11)
  Grinder (D:4)
  2 wraiths
  2 wyverns (D:11)
  A steam dragon (D:8)
  6 yaks (D:11)
  Edmund (D:4)
  An acid dragon (D:10)
  Duvessa (D:4)
  4 water moccasins
  2 orc warriors
  A black bear (D:6)
  An ogre (D:4)
  3 centaurs
  2 phantoms
  3 bullfrogs
  2 gnoll sergeants
  5 scorpions (D:6)
  13 wights
  Dowan (D:4)
  The ghost of Paroid the Ruffian, a weakling DrMo (D:3)
  3 killer bees (D:11)
  4 howler monkeys
  2 orc priests (D:11)
  6 hounds
  2 iguanas (D:6)
  Ijyb (D:3)
  Terence (D:3)
  7 orc wizards
  7 gnolls
  6 adders
  2 white imps
  An ufetubus (D:6)
  5 dart slugs
  27 orcs
  7 endoplasms
  15 goblins
  5 hobgoblins
  7 jackals
  8 kobolds
  3 quokkas
  8 ball pythons
  3 bats
  2 frilled lizards
  2 rats (D:2)
199 creatures vanquished.

Vanquished Creatures (others)
  4 bushes (D:11)
  2 fungi (D:11)
  22 plants
28 creatures vanquished.

Grand Total: 227 creatures vanquished

Notes
Turn   | Place    | Note
-------+----------+-------------------------------------------
     0 | D:1      | sammy202020 the Minotaur Berserker began the quest for the
                  | Orb.
     0 | D:1      | Reached XP level 1. HP: 19/19 MP: 0/0
   300 | D:1      | Reached XP level 2. HP: 22/27 MP: 1/1
  1217 | D:2      | Reached XP level 3. HP: 33/33 MP: 2/2
  1263 | D:2      | Reached ** piety under Trog
  1302 | D:2      | Found a faded altar of an unknown god.
  1551 | D:3      | Found a runed translucent door.
  1573 | D:3      | Noticed Terence
  1574 | D:3      | Noticed Paroid's ghost (weakling DrMo)
  1587 | D:3      | Killed Terence
  1719 | D:3      | Reached XP level 4. HP: 26/41 MP: 3/3
  2983 | D:3      | Killed Paroid's ghost
  3186 | D:3      | Reached XP level 5. HP: 43/47 MP: 4/4
  3214 | D:3      | Noticed Ijyb
  3228 | D:3      | Killed Ijyb
  3723 | D:4      | Noticed Grinder
  3724 | D:4      | Paralysed by Grinder for 3 turns
  3730 | D:4      | Noticed Edmund
  3735 | D:4      | Killed Grinder
  3736 | D:4      | Reached skill level 5 in Fighting
  3736 | D:4      | Reached skill level 5 in Axes
  3736 | D:4      | Reached XP level 6. HP: 56/56 MP: 5/5
  3739 | D:4      | Killed Edmund
  3743 | D:4      | Reached skill level 5 in Armour
  3772 | D:4      | Reached XP level 7. HP: 61/62 MP: 6/6
  3870 | D:4      | Found a white marble altar of Elyvilon.
  3914 | D:4      | Noticed Dowan
  3916 | D:4      | Noticed Duvessa
  3934 | D:4      | Killed Duvessa
  3934 | D:4      | Killed Dowan
  4118 | D:4      | Reached skill level 5 in Dodging
  4636 | D:5      | Entered Level 5 of the Dungeon
  4739 | D:5      | Found a broken altar of Ashenzari.
  4765 | D:5      | Found a glowing silver altar of Zin.
  4765 | D:5      | Noticed an angel
  4810 | D:5      | Reached *** piety under Trog
  4870 | D:5      | Reached XP level 8. HP: 69/71 MP: 7/7
  4947 | D:5      | Found an ornate altar of the Wu Jian Council.
  5156 | D:5      | Found a staircase to the Ecumenical Temple.
  5421 | D:6      | Found Suubum's Antique Armour Shop.
  5460 | D:6      | Bought a kite shield for 139 gold pieces
  5614 | D:6      | Reached skill level 1 in Shields
  6123 | D:6      | Reached XP level 9. HP: 75/81 MP: 8/8
  6145 | D:6      | Found a blossoming altar of Fedhas.
  6289 | D:6      | Gained mutation: You are dopey. (Int -2) [potion of
                  | mutation]
  6289 | D:6      | Gained mutation: You are somewhat resistant to further
                  | mutation. [potion of mutation]
  6531 | D:7      | Found a snail-covered altar of Cheibriados.
  7282 | D:8      | Noticed Erica
  7309 | D:8      | Killed Erica
  8013 | D:8      | Found a shadowy altar of Dithmenos.
  8138 | D:8      | Found a glowing golden altar of the Shining One.
  8159 | D:8      | Found a radiant altar of Vehumet.
  8161 | D:8      | Found a shimmering altar of Xom.
  8521 | D:8      | Reached **** piety under Trog
  8605 | D:9      | Noticed a two-headed ogre
  8615 | D:9      | Killed a two-headed ogre
  8616 | D:9      | Reached skill level 5 in Shields
  8616 | D:9      | Reached XP level 10. HP: 79/91 MP: 9/9
  8653 | D:9      | You fall into a shaft and drop 2 floors!
  8724 | D:11     | Noticed a manticore
  8726 | D:11     | Noticed a cyclops
  8728 | D:11     | Noticed a manticore
  8732 | D:11     | Noticed Snorg
  8735 | D:11     | Killed a manticore
  8745 | D:11     | Killed a manticore
  8749 | D:11     | Killed Snorg
  8751 | D:11     | Killed a cyclops
  8752 | D:11     | Reached skill level 10 in Axes
  8760 | D:11     | Reached skill level 10 in Fighting
  8949 | D:11     | Paralysed by a hornet for 3 turns
  9000 | D:11     | Identified the ring of Lust {rElec rC- Will+ Str+2 Int+6}
  9042 | D:11     | Found a staircase to the Orcish Mines.
  9232 | D:11     | Reached XP level 11. HP: 81/100 MP: 10/10
  9239 | D:11     | Reached skill level 10 in Armour
  9340 | D:11     | Noticed a two-headed ogre
  9350 | D:11     | Killed a two-headed ogre
  9456 | D:11     | Found a staircase to the Lair.
  9922 | D:10     | Entered Level 10 of the Dungeon
 10148 | D:10     | Found Oleud's Magic Scroll Boutique.
 10331 | D:10     | Noticed a white ugly thing
 10332 | D:10     | Noticed a two-headed ogre
 10340 | D:10     | Slain by a two-headed ogre

Illustrated notes

Levels and vault maps discovered:
D:1:      nagdon_arrival_double_spiral, layout_basic
D:2:      layout_basic, shapermc_ecumenical_altar_petra
D:3:      kennysheep_goblin_castle, layout_rooms,
          hellmonk_ghost_happy_afterlife, skrybe_limestone_x,
          serial_bayou_crossing, uniq_terence
D:4:      layout_cave_pods, mainiacjoe_overflow_chevrons, uniq_grinder,
          uniq_duvessa, uniq_edmund
D:5:      layout_rooms, nzn_wu_jian_council_hall, zin_angel,
          nicolae_ashenzari_skybound, minmay_temple_entry_glassed_door,
          serial_co_window_serial, co_window_paths_a, co_window_paths_a,
          co_window_of_opportunity_a, co_window_of_opportunity_a,
          co_window_corner_a, co_window_cross_1, co_window_corner_a,
          co_window_unsneaky_path_e, co_window_broadway_b, co_window_paths_c,
          co_window_paths_d, glass_columns_b, glass_columns_b, glass_columns_b,
          glass_columns_a, glass_columns_b, amcnicky_mini_pool_small,
          grunt_decor_arrowhead
D:6:      layout_loops_ring, mainiacjoe_overflow_cross_hatched,
          nicolae_stop_n_shop_2
D:7:      layout_loops_ring, lemuel_round_altar
D:8:      layout_cave_pods, mainiacjoe_overflow_big_doors,
          chequers_temple_overflow_statue_of_worship, uniq_erica
D:9:      layout_irregular_city, nicolae_uskayaw_murder_on_the_dancefloor
D:10:     layout_rooms, serial_shops, nicolae_shop_statue_plus
D:11:     layout_gridville, minmay_lair_entry_grove,
          minmay_orc_entry_temple_small, gauntlet_entry_generic, uniq_snorg

Skill      XL: |  1  2  3  4  5  6  7  8  9 10 11 |
---------------+----------------------------------+-----
Fighting       | 4 5 6 7 9 10 | 10.7
Axes           | 4 5 6 7 9 10 | 10.7
Armour         | 3 4 5 6 7 8 9 10 | 10.3
Dodging        | 3 4 5 6 7 9 |  9.5
Shields        | 2 5 6 7 |  7.6

Action                   |  1- 3 |  4- 6 |  7- 9 | 10-12 || total
-------------------------+-------+-------+-------+-------++-------
Melee: Hand axe          |    84 |    57 |       |       ||   141
       Headbutt          |    11 |     9 |    44 |    43 ||   107
       Punch             |       |     3 |     3 |       ||     6
       War axe           |       |    12 |   246 |   184 ||   442
Throw: Javelin           |       |       |       |     1 ||     1
Invok: Berserk           |     1 |     3 |     3 |     4 ||    11
       Trog's Hand       |     1 |     1 |     1 |     1 ||     4
  Use: Scroll            |     7 |     6 |     5 |       ||    18
       Potion            |       |       |     1 |       ||     1
Armor: Chain mail        |    47 |    51 |   164 |   164 ||   426
       Leather armour    |     1 |       |       |       ||     1
Dodge: Dodged            |    34 |    37 |   103 |    82 ||   256
Block: Kite shield       |       |       |    75 |    97 ||   172

Table legend: (Time is in decaauts)
 A = Elapsed time spent in this place.
 B = Non-inter-level travel time spent in this place.
 C = Inter-level travel time spent in this place.
 D = Time resting spent in this place.
 E = Time spent auto-exploring this place.
 F = Levels seen in this place.
 G = Mean time per level.
                   A        B        C        D        E       F      G
               +--------+--------+--------+--------+--------+-----+--------+
         Total |  10558 |  10496 |     62 |   1738 |   6743 |  11 |  959.8 |
       Dungeon |  10558 |  10496 |     62 |   1738 |   6743 |  11 |  959.8 |
               +--------+--------+--------+--------+--------+-----+--------+

Top non-repeatable levels by time:
     D:3: 2146 daAuts
     D:8: 1445 daAuts
    D:11: 1316 daAuts
     D:4: 1040 daAuts
     D:1: 1019 daAuts
     D:6: 932 daAuts
     D:7: 858 daAuts
     D:5: 787 daAuts
     D:2: 514 daAuts
    D:10: 433 daAuts
     D:9: 65 daAuts
